AoeStats
← NPG | gab

Arabia

510677996Analyzed
1v1 RM · 15h ago on Oct 2, 2026· 101m 19s· 2 players
Game mode
Random Map
Map size
Tiny (2 player)
Population
200
Speed
Normal
Resources
Standard
Victory
Conquest
Starting age
Dark Age
Ending age
Imperial Age
RankedLock teamsTeams togetherTeam positionsShared explorationLock speedFull tech treeHidden civsTurbo modeCheats
Victory
Defeat
🇦🇷 Magyars · Argentina
1255
+15
🇦🇷 Burgundians · Argentina
1228
-15
felix1997
4:59 Double-Bit Axe
8:30 Loom
10:16 Feudal Age
17:03 Bow Saw
16:36 Horse Collar
19:53 Castle Age
19:56 Light Cavalry
20:59 Heavy Plow
25:34 Gold Mining
28:22 Stone Mining
30:41 Wheelbarrow
30:21 Husbandry
32:57 Hand Cart
33:40 Crop Rotation
34:13 Two-Man Saw
36:30 Imperial Age
33:48 Town Watch
33:29 Cavalier
34:43 Burgundian Vineyards
34:50 Scale Barding Armor
35:01 Forging
35:35 Gold Shaft Mining
35:40 Stone Shaft Mining
35:21 Masonry
36:32 Chain Barding Armor
37:03 Iron Casting
38:06 Plate Barding Armor
38:07 Paladin
39:30 Conscription
40:44 Blast Furnace
41:11 Hoardings
41:17 Architecture
43:37 Fletching
44:10 Ballistics
44:52 Chemistry
44:11 Elite Skirmisher
44:22 Hussar
46:29 Bodkin Arrow
52:27 Bracer
52:27 Padded Archer Armor
59:30 Leather Archer Armor
76:14 Pikeman
76:55 Squires
77:30 Scale Mail Armor
78:27 Halberdier
79:31 Chain Mail Armor
80:48 Plate Mail Armor
81:14 Capped Ram
NPG | gab
3:16 Loom
9:23 Feudal Age
9:59 Double-Bit Axe
21:47 Castle Age
20:32 Scale Barding Armor
22:27 Bloodlines
24:07 Husbandry
24:39 Fletching
29:18 Bodkin Arrow
29:45 Ballistics
31:02 Chain Barding Armor
35:46 Imperial Age
35:10 Wheelbarrow
34:47 Horse Collar
35:47 Heavy Cavalry Archer
36:46 Bracer
37:09 Heavy Plow
38:26 Parthian Tactics
38:48 Hand Cart
38:50 Bow Saw
40:16 Chemistry
44:21 Recurve Bow
46:37 Elite Magyar Huszar
47:38 Conscription
49:27 Plate Barding Armor
51:15 Corvinian Army
66:29 Pikeman
82:03 Elite Skirmisher
84:08 Padded Archer Armor
87:49 Leather Archer Armor
89:11 Ring Archer Armor
90:07 Scale Mail Armor
90:30 Man-at-Arms
91:49 Chain Mail Armor
91:27 Long Swordsman
92:06 Two-Handed Swordsman
92:32 Arson
92:13 Halberdier
93:16 Champion
99:57 Two-Man Saw
100:10 Hoardings
Connection lost

Rejoining the realm…

Still unreachable

The connection could not be restored.

Session expired

The server has moved on; the page needs a fresh start.